 Dungeon Crawl Stone Soup version 0.29.1-14-g9c671dbff4 (webtiles) character file.

Game seed: 17996786646237780646

2258 hawla the Arsonist (level 9, -5/64 HPs)
             Began as a Meteoran Fire Elementalist on Feb 14, 2023.
             Slain by an orc warrior
             ... wielding a +0 short sword
              (13 damage)
             ... on level 7 of the Dungeon.
             The game lasted 00:17:22 (3851 turns).

hawla the Arsonist (Meteoran Fire Elementalist)     Turns: 3851, Time: 00:17:23

Health: -5/64      AC:  3    Str:  9    XL:     9   Next: 96%
Magic:  28/40      EV: 13    Int: 22    God:
Gold:   472        SH:  5    Dex: 15    Spells: 13/24 levels left

rFire   + . .      SeeInvis .   v - +6 dagger "Qiutar" {vamp, rF+ rCorr MP+9 Stlth-}
rCold   . . .      Faith    .   (no shield)
rNeg    . . .      Spirit   .   a - +1 robe
rPois   .          Reflect  +   (no helmet)
rElec   .          Harm     .   (no cloak)
rCorr   +          Rampage  .   (no gloves)
Will    +....                   (no boots)
Stlth   +.........              p - amulet of reflection
HPRegen 0.20/turn               o - ring of magical power
MPRegen 0.27/turn               (no ring)

@: glowing
A: sense surroundings 2, otherworldly, glowing, explore regen
a: no special abilities


You were on level 7 of the Dungeon.
You visited 1 branch of the dungeon, and saw 7 of its levels.
You also visited: Sewer.

You collected 472 gold pieces.

Inventory:

Hand Weapons
 v - the +6 dagger "Qiutar" (weapon) {vamp, rF+ rCorr MP+9 Stlth-}
   (You found it on level 5 of the Dungeon)

   It occasionally heals its wielder for a portion of the damage dealt when it
   wounds a living foe.
   rF:        It protects you from fire.
   MP:        It affects your magic capacity (+9).
   rCorr:     It protects you from acid and corrosion.
   Stlth:     It makes you less stealthy.
Armour
 a - a +1 robe (worn)
Jewellery
 o - a ring of magical power (left hand)
 p - an amulet of reflection (around neck)
 s - a ring of fire
 t - a ring of resist corrosion
Wands
 f - a wand of paralysis (5) (quivered)
 i - a wand of digging (5)
Scrolls
 b - 2 scrolls of blinking
 c - 2 scrolls of fear
 k - a scroll of butterflies {unknown}
 l - a scroll of enchant armour
 n - a scroll of magic mapping {unknown}
 r - 2 scrolls of teleportation
 u - a scroll of poison {unknown}
 w - a scroll of enchant weapon {unknown}
 x - a scroll of torment {unknown}
 y - 3 scrolls of identify
Potions
 d - 3 potions of heal wounds
 e - 2 potions of lignification
 g - a potion of curing
 h - 7 potions of flight
 j - 2 potions of cancellation {unknown}
 m - a potion of brilliance {unknown}
 q - 2 potions of degeneration {unknown}


   Skills:
 + Level 1.1 Fighting
 + Level 3.0 Dodging
 - Level 1.4 Stealth
 + Level 8.2 Spellcasting
 + Level 7.0 Conjurations
 + Level 8.2 Fire Magic
 + Level 5.4 Poison Magic
 + Level 3.0 Evocations


You had 13 spell levels left.
You knew the following spells:

 Your Spells              Type           Power      Damage    Failure   Level
a - Foxfire               Conj/Fire      100%       2x1d9     1%          1
b - Scorch                Fire           90%        2d9       1%          2
c - Flame Wave            Conj/Fire      42%        2d11      3%          4
d - Olgreb's Toxic Radia  Pois           33%        N/A       8%          4

Your spell library contained the following spells:

 Spells                   Type           Power      Damage    Failure   Level
 Conjure Flame            Conj/Fire      42%        6-21      1%          3
 Sting                    Tmut/Pois      84%        1d7       2%          1
 Poisonous Vapours        Pois/Air       42%        N/A       3%          2
 Inner Flame              Hex/Fire       27%        N/A       4%          3


Dungeon Overview and Level Annotations

Branches:
Dungeon (7/15) Zot: 1075    Sewer (visited)
 Temple: D:4-7

Altars:
Elyvilon


Innate Abilities, Weirdness & Mutations

You passively map the area around you.
You are easily found by Zot.
You glow in the dark.
You regain HP and MP as you explore.


Message History

You kill the orc!
The orc priest mumbles some strange prayers to Beogh against you.
Beogh smites you!
Casting: Foxfire (safe; 1% risk of failure)
Confirm with . or Enter, or press ? or * to list all spells.
Casting: Flame Wave (dangerous; 3% risk of failure)
Press: ? - help, Dir - look around, f - activate A wave of flame ripples out!
The flame wave engulfs the water moccasin!
The water moccasin is heavily wounded.
The flame wave engulfs your foxfire.
Your foxfire completely resists. (Press . to intensify the flame waves.)
You hear a shout! x5
The foxfire hits the water moccasin.
The water moccasin is severely wounded.
You block the water moccasin's attack.
An orc comes into view. It is wielding a +0 war axe.
The water moccasin closely misses you.
A wave of flame ripples out!
The flame wave engulfs the water moccasin!
You kill the water moccasin!
The flame wave engulfs the orc warrior!
The orc warrior is heavily wounded.
The flame wave engulfs the orc!
You kill the orc!
You hear a shout!
You hear an angry hiss.
A wave of flame ripples out!
The flame wave engulfs the orc warrior!
The orc warrior is almost dead.
The flame wave engulfs the orc priest!
The orc priest is heavily wounded.
The flame wave engulfs the black bear!
The black bear is moderately wounded.
You finish channelling waves of flame.
An orc comes into view. It is wielding a +0 whip.
The orc priest invokes the aid of Beogh against you.
Beogh smites you!
* * * LOW HITPOINT WARNING * * *
The orc warrior hits you with a +0 short sword!
You die...

*....# , , ## ,,,
....#o , ##.*~
...... ,,
#..######+...o..
,
#........[......
*
#..........h....
,
#...†.....o.....
* *
#...<...o†......,
##......@.......,
#......#.....#.
#.#######.#### ,
* * #. ** * .# ,
* , #. ** .. ,* ,
#* ** ..,* * ,
... *, * ..., * *
,


You could see an orc warrior, a black bear, an orc priest and 2 orcs.

Vanquished Creatures
  A two-headed ogre (D:6)
  2 water moccasins
  An orc warrior (D:6)
  A black bear (D:7)
  3 ogres
  2 bullfrogs
  A necrophage (D:6)
  5 wights (D:6)
  2 hounds
  3 iguanas
  2 orc wizards (D:6)
  Terence (D:3)
  10 gnolls
  8 adders
  5 river rats
  A shadow imp (D:5)
  4 worms
  2 dart slugs
  19 orcs
  9 ball pythons
  11 bats
  10 endoplasms
  19 giant cockroaches
  2 goblins (D:2)
  2 hobgoblins (D:3)
  3 jackals (Sewer)
  4 kobolds
  6 quokkas
  9 frilled lizards
  6 rats
154 creatures vanquished.

Vanquished Creatures (others)
  260 foxfires
  A fungus (D:4)
  6 toadstools (D:4)
267 creatures vanquished.

Grand Total: 421 creatures vanquished

Notes
Turn   | Place    | Note
-------+----------+-------------------------------------------
     0 | D:1      | hawla the Meteoran Fire Elementalist began the quest for
                  | the Orb.
     0 | D:1      | Reached XP level 1. HP: 14/14 MP: 5/5
   164 | D:1      | Reached XP level 2. HP: 19/20 MP: 4/7
   167 | D:1      | Learned a level 2 spell: Scorch
   176 | D:1      | Found a faded altar of an unknown god.
   304 | D:2      | Reached XP level 3. HP: 27/27 MP: 8/8
   571 | D:2      | Reached XP level 4. HP: 29/34 MP: 5/10
   710 | D:3      | Reached XP level 5. HP: 37/39 MP: 5/11
   715 | D:3      | Learned a level 4 spell: Flame Wave
   767 | D:3      | Found a white marble altar of Elyvilon.
   797 | D:3      | Noticed Terence
   804 | D:3      | Killed Terence
   958 | D:3      | Found a glowing drain.
   964 | D:3      | Reached XP level 6. HP: 46/46 MP: 5/12
   971 | Sewer    | Entered a sewer
  1180 | Sewer    | Reached skill level 1 in Evocations
  1367 | Sewer    | Glimpsed the power of Zot.
  1400 | Sewer    | Glimpsed the power of Zot.
  1428 | Sewer    | Glimpsed the power of Zot.
  1435 | Sewer    | Touched by the power of Zot.
  1509 | Sewer    | Glimpsed the power of Zot.
  1544 | Sewer    | Glimpsed the power of Zot.
  1574 | Sewer    | Glimpsed the power of Zot.
  1580 | Sewer    | Touched by the power of Zot.
  1662 | Sewer    | Glimpsed the power of Zot.
  1837 | D:4      | Reached XP level 7. HP: 18/22 MP: 4/13
  1844 | D:4      | Reached skill level 5 in Conjurations
  1877 | D:4      | Learned a level 4 spell: Olgreb's Toxic Radiance
  2024 | D:4      | Reached skill level 1 in Poison Magic
  2427 | D:5      | Entered Level 5 of the Dungeon
  2605 | D:5      | Reached XP level 8. HP: 46/52 MP: 6/15
  2741 | D:5      | Reached skill level 5 in Poison Magic
  2879 | D:5      | Identified the +6 dagger "Qiutar" {vamp, rF+ rCorr MP+9
                  | Stlth-}
  3147 | D:6      | Noticed a two-headed ogre
  3154 | D:6      | Killed a two-headed ogre
  3155 | D:6      | Gained mutation: You passively map the area around you.
                  | [Meteoran growth]
  3155 | D:6      | Reached XP level 9. HP: 63/63 MP: 19/19
  3231 | D:6      | Reached skill level 1 in Fighting
  3851 | D:7      | Slain by an orc warrior

Illustrated notes

Levels and vault maps discovered:
D:1:      scummos_arrival_checkerplants, layout_loops_corners,
          hellmonk_ecumenical_altar_lost_god, minmay_misc_feat_iff,
          minmay_worlds_worst_comb
D:2:      layout_loops_corners, uniq_sigmund
D:3:      minmay_roachtagon, layout_rooms, mainiacjoe_overflow_surrounded_room,
          portal_sewer_entry_b, due_unseen_surprise, uniq_terence
D:4:      layout_basic, minmay_gold_behind_fungi, hangedman_decor_growths
D:5:      layout_rooms, serial_co_window_serial, co_window_of_opportunity_a,
          co_window_paths_b, co_window_corner_a, co_window_corner_a,
          co_window_paths_a, co_window_corner_a, co_window_corner_a,
          co_window_paths_a, co_window_corner_a, co_window_of_opportunity_c,
          co_window_unsneaky_path_c, co_window_corner_cb,
          co_window_of_opportunity_b, co_window_unsneaky_path_e,
          glass_columns_b, glass_columns_b
D:6:      layout_cave_pools, serial_co_window_serial,
          co_window_of_opportunity_a, co_window_corner_a, co_window_corner_a,
          co_window_paths_a, co_window_of_opportunity_a, co_window_corner_ca,
          co_window_of_opportunity_b, co_window_paths_c, co_window_corner_ca,
          co_window_4corner_a, glass_columns_a, glass_columns_b, glass_columns_c
D:7:      layout_rooms, ashenzari_altar_1, minmay_temple_entry_butterflies,
          serial_shops, nicolae_lakefront_shop, fountainhead,
          chequers_serial_rivers_room_a, nrook_campfire, uniq_maggie

Skill      XL: |  1  2  3  4  5  6  7  8  9 |
---------------+----------------------------+-----
Spellcasting   | 3 4 6 8 |  8.2
Fire Magic     | 4 6 8 |  8.2
Conjurations   | 2 4 5 6 7 |  7.0
Evocations     | 2 3 |  3.0
Poison Magic   | 4 5 |  5.4
Fighting       | 1 |  1.1
Dodging        | 3 |  3.0
Stealth        | |  1.4

Action                   |  1- 3 |  4- 6 |  7- 9 || total
-------------------------+-------+-------+-------++-------
Melee: Unarmed           |    12 |    39 |     3 ||    54
 Cast: Foxfire           |    29 |    69 |    53 ||   151
       Scorch            |     6 |    23 |    43 ||    72
       Flame Wave        |       |     4 |     8 ||    12
  Use: Potion            |       |     4 |       ||     4
       Scroll            |       |     2 |     6 ||     8
Armor: Robe              |     3 |    21 |     3 ||    27
       Skin              |       |    51 |       ||    51
Dodge: Dodged            |    12 |    52 |    17 ||    81
Block: Other             |       |       |    10 ||    10
